 Dungeon Crawl Stone Soup version 0.28.0 (webtiles) character file.

Game seed: 11824716643247121262

47 bande the Covered (level 3, -11/24 HPs)
             Began as a Gargoyle Fighter on Feb 15, 2022.
             Mangled by an ogre (25 damage)
             ... on level 2 of the Dungeon.
             The game lasted 00:02:32 (1611 turns).

bande the Covered (Gargoyle Fighter)                Turns: 1611, Time: 00:02:33

Health: -11/24     AC: 10    Str: 19    XL:     3   Next: 70%
Magic:  3/3        EV:  9    Int:  8    God:
Gold:   53         SH:  4    Dex: 11    Spells: 2/2 levels left

rFire   . . .      SeeInvis .   a - +0 war axe
rCold   . . .      Faith    .   c - +0 buckler
rNeg    + . .      Spirit   .   b - +0 scale mail
rPois   ∞          Reflect  .   (no helmet)
rElec   +          Harm     .   (no cloak)
rCorr   .          Rampage  .   (no gloves)
Will    .....                   (no boots)
Stlth   ..........              (no amulet)
HPRegen 0.08/turn               (no ring)
MPRegen 0.08/turn               (no ring)

@: mighty
A: sickness immunity, AC +3, negative energy resistance 1, electricity
resistance, torment resistance 1, petrification resistance
a: no special abilities


You were on level 2 of the Dungeon.
You visited 1 branch of the dungeon, and saw 2 of its levels.

You collected 53 gold pieces.

Inventory:

Hand Weapons
 a - a +0 war axe (weapon)
 h - a +1 mace of holy wrath
Armour
 b - a +0 scale mail (worn)
 c - a +0 buckler (worn)
Jewellery
 e - a ring of wizardry
Potions
 g - a potion of mutation {unknown}


   Skills:
 + Level 3.9 Fighting
 + Level 2.2 Axes
 + Level 3.9 Armour
 + Level 3.5 Shields


You had 2 spell levels left.
You didn't know any spells.
Your spell library was empty.

Dungeon Overview and Level Annotations

Branches:
Dungeon (2/15)

Altars:

Shops:
D:1 (???


Innate Abilities, Weirdness & Mutations

You are immune to sickness and miasma.
Your stone body is resilient. (AC +3)
You are immune to poison.
You resist negative energy. (rN+)
You are resistant to electric shocks. (rElec)
You are resistant to unholy torment.
You are immune to petrification.


Message History

You closely miss the adder.
The adder is severely wounded.
The adder bites you but does no damage.
You miss the adder.
The adder is severely wounded.
The adder bites you but does no damage. x2
You barely miss the adder.
The adder is severely wounded.
You block the adder's attack. The adder closely misses you.
You hit the adder.
The adder is severely wounded.
The adder bites you but does no damage. x2
You closely miss the adder.
The adder is severely wounded.
The adder bites you but does no damage. The adder closely misses you.
You hit the adder.
You kill the adder!
No target in view!
No target in view!
No target in view!
No target in view!
No target in view!
No target in view!
You now have 53 gold pieces (gained 4).
An ogre comes into view. It is wielding a +0 giant club.
An ogre is nearby!
The ogre shouts!
You feel very mighty all of a sudden.
You slash the ogre!
The ogre is severely wounded.
The ogre barely misses you.
You barely miss the ogre.
The ogre is severely wounded.
The ogre hits you with a +0 giant club!
You barely miss the ogre.
The ogre is severely wounded.
The ogre barely misses you.
The ogre hits you with a +0 giant club!!
Ouch! That really hurt!
You die...

#.......# #.......#
#......†#
#.......########
#...............
#.......########
#.......#
#########.......# #
......O@...........
....###############
.


You could see an ogre.

Vanquished Creatures
  An adder (D:2)
  A ball python (D:1)
  4 bats (D:1)
  3 endoplasms
  A giant cockroach (D:1)
  3 goblins
  5 hobgoblins
  2 jackals (D:2)
  4 quokkas
  2 frilled lizards (D:1)
  3 kobolds
  4 rats (D:1)
33 creatures vanquished.

Notes
Turn   | Place    | Note
-------+----------+-------------------------------------------
     0 | D:1      | bande the Gargoyle Fighter began the quest for the Orb.
     0 | D:1      | Reached XP level 1. HP: 14/14 MP: 1/1
    17 | D:1      | Found Akkipramn's Magic Scroll Emporium.
    39 | D:1      | Found a faded altar of an unknown god.
   400 | D:1      | Found Coif's Magic Scroll Shoppe.
   414 | D:1      | Reached XP level 2. HP: 13/19 MP: 2/2
   549 | D:1      | Found Butrenoa's Magic Scroll Boutique.
   713 | D:1      | Found Enarchao's Antique Weapon Boutique.
  1149 | D:1      | Reached XP level 3. HP: 24/24 MP: 3/3
  1605 | D:2      | Noticed an ogre
  1611 | D:2      | Mangled by an ogre

Illustrated notes

Levels and vault maps discovered:
D:1:      tarquinn_simple_flora_water_a, layout_loops_cross, serial_shops,
          nicolae_diamond_shop, nicolae_shop_window_shopping, shop_statue,
          nicolae_shop_advertising_works [nicolae_subvault_shop_adworks],
          ebering_ecumenical_altar_hall
D:2:      kennysheep_big_flooded_room, layout_basic, basic_altar,
          minmay_pentomino_s4

Skill      XL: |  1  2  3 |
---------------+----------+-----
Axes           | 2 |  2.2
Fighting       | |  3.9
Armour         | |  3.9
Shields        | |  3.5

Action                   || total
-------------------------++-------
Melee: War axe           ||   106
  Use: Scroll            ||     3
       Potion            ||     1
Armor: Scale mail        ||    76
Dodge: Dodged            ||    69
Block: Buckler           ||    27
